 Dungeon Crawl Stone Soup version 0.28-a0-938-gbc3f381ebc (webtiles) character file.

Game seed: 2990197119998923549

30609 porpoise the Thaumaturge (level 13, -7/76 HPs)
             Began as a Deep Elf Conjurer on Nov 30, 2021.
             Was a Priest of Vehumet.
             Killed from afar by a rime drake (32 damage)
             ... with a flash freeze
             ... on level 5 of the Lair of Beasts.
             The game lasted 01:21:47 (21799 turns).

porpoise the Thaumaturge (Deep Elf Conjurer)       Turns: 21799, Time: 01:21:48

Health: -7/76      AC:  9    Str:  7    XL:     13   Next: 21%
Magic:  10/33      EV: 21    Int: 26    God:    Vehumet [***...]
Gold:   615        SH: 11    Dex: 16    Spells: 22/40 levels left

rFire   . . .      SeeInvis +   b - +0 hunting sling
rCold   . . .      Faith    .   d - +1 buckler {reflect}
rNeg    . . .      Spirit   .   q - +0 robe
rPois   .          Reflect  +   A - +2 helmet {SInv}
rElec   .          Harm     .   F - +1 cloak
rCorr   .          Rampage  .   e - +1 pair of gloves {Dex+3}
Will    ++...                   (no boots)
Stlth   ++++......              Q - amulet of Eroso {Reflect Fly SH+5}
HPRegen 0.22/turn               N - +4 ring of evasion
MPRegen 0.23/turn               L - ring of willpower

@: flying
A: no striking features
a: Renounce Religion


You were on level 5 of the Lair of Beasts.
You worshipped Vehumet.
Vehumet was most pleased with you.
You visited 3 branches of the dungeon, and saw 17 of its levels.
You also visited: Gauntlet.

You collected 907 gold pieces.
You spent 292 gold pieces at shops.

Inventory:

Hand Weapons
 a - the +9 staff of Olgreb {rPois∞}
   (You found it in a Gauntlet)

   If the wielder is skilled in Evocations, they can envenom those struck by it,
   dealing poison damage which bypasses armour.
   It enhances your poison magic.
   It grants immunity to poison.
   It can be evoked to radiate toxic energy, with effectiveness depending on
   Evocations skill.
 b - a +0 hunting sling (weapon)
Missiles
 h - 378 stones (quivered ammo)
 j - 2 boomerangs of dispersal
 u - 4 silver javelins
 J - 42 sling bullets
Armour
 d - a +1 buckler of reflection (worn)
 e - a +1 pair of gloves of dexterity (worn)
 q - a +0 robe (worn)
 A - a +2 helmet of see invisible (worn)
 F - a +1 cloak (worn)
Jewellery
 L - a ring of willpower (right hand)
 N - a +4 ring of evasion (left hand)
 Q - the amulet of Eroso (around neck) {Reflect Fly SH+5}
   (You found it on level 1 of the Lair of Beasts)

   [amulet of reflection]

   It reflects blocked missile attacks.
   Fly:       It grants you flight.
   SH:        It affects your SH (+5).
Wands
 f - a wand of flame (82)
 t - a wand of polymorph (17)
 B - a wand of paralysis (8)
 D - a wand of mindburst (5)
Scrolls
 c - 2 scrolls of enchant armour
 k - a scroll of fog
 o - a scroll of noise
 x - 2 scrolls of blinking
 y - 2 scrolls of vulnerability
 z - 3 scrolls of summoning
 K - a scroll of magic mapping
 M - a scroll of identify
Potions
 i - a potion of berserk rage
 m - 8 potions of curing
 n - 2 potions of attraction
 p - 2 potions of lignification
 r - a potion of resistance
 s - a potion of cancellation
 v - a potion of mutation
 w - 2 potions of heal wounds
 C - a potion of invisibility
 H - 2 potions of haste
Miscellaneous
 g - a box of beasts
 l - a phantom mirror
 S - a lightning rod (4/4)


   Skills:
 - Level 7.0 Fighting
 - Level 9.0 Dodging
 - Level 9.0 Stealth
 - Level 4.0 Shields
 - Level 14.0 Spellcasting
 - Level 9.0 Conjurations
 - Level 9.0 Hexes
 - Level 7.0 Necromancy
 - Level 7.0 Translocations
 + Level 2.0 Transmutations
 - Level 1.4 Ice Magic
 + Level 7.2 Evocations


You had 22 spell levels left.
You knew the following spells:

 Your Spells              Type           Power      Damage    Failure   Level
a - Magic Dart            Conj           100%       1d8       1%          1
b - Searing Ray           Conj           100%       2d8       1%          2
c - Fulminant Prism       Conj/Hex       30%        3d16      1%          4
d - Iskenderun's Mystic   Conj/Tloc      56%        2d12      1%          4
r - Irradiate             Conj/Tmut      23%        3d21      2%          5
u - Sublimation of Blood  Necr           53%        N/A       1%          2

Your spell library contained the following spells:

 Spells                   Type           Power      Damage    Failure   Level
 Sticky Flame             Conj/Fire      41%        2d6       1%          4
 Beastly Appendage        Tmut           58%        N/A       1%          1
 Freeze                   Ice            100%       1d11      1%          1
 Scorch                   Fire           36%        2d7       1%          2
 Wereblood                Tmut           29%        N/A       1%          2
 Dazzling Flash           Conj/Hex       100%       N/A       1%          3
 Frozen Ramparts          Ice            50%        1d7       1%          3
 Gell's Gravitas          Tloc           53%        N/A       1%          3
 Inner Flame              Hex/Fire       41%        N/A       1%          3
 Lesser Beckoning         Tloc           53%        N/A       1%          3
 Teleport Other           Tloc           53%        N/A       1%          3
 Cause Fear               Hex            30%        N/A       1%          4
 Flame Wave               Conj/Fire      41%        2d8       1%          4
 Hailstorm                Conj/Ice       45%        3d10      1%          4
 Spider Form              Tmut/Pois      23%        N/A       6%          3
 Olgreb's Toxic Radiance  Pois           18%        N/A       9%          4
 Petrify                  Tmut/Erth      23%        N/A       21%         4
 Ozocubu's Refrigeration  Ice            12%        4d7       96%         7
 Summon Cactus Giant      Summ           9%         N/A       99%         6
 Discord                  Hex            30%        N/A       99%         8
 Ignition                 Fire           9%         3d5       100%        8


Dungeon Overview and Level Annotations

Branches:
Dungeon (10/15)            Temple (1/1) D:7            Lair (6/6) D:9
 Shoals (0/4) Lair:2       Spider (0/4) Lair:3        Slime (0/5) Lair:5
Gauntlet (visited)
    Orc: D:9-12

Altars:
Qazlal
Vehumet
The Shining One

Shops:
D:7 ?

Annotations:
D:10 Fannar


Message History

The blast of energy engulfs the rime drake!!
The rime drake is almost dead.
Unknown command.
You shoot a stone. The stone hits the rime drake.
The rime drake is almost dead.
Casting: Fulminant Prism (safe; 1% risk of failure)
Confirm with . or Enter, or press ? or * to list all spells.
You can't see any susceptible monsters within range! (Use Z to cast anyway.)
You shoot a stone. The stone hits the rime drake.
The rime drake is almost dead.
Casting: Fulminant Prism (safe; 1% risk of failure)
Confirm with . or Enter, or press ? or * to list all spells.
Aiming: Searing Ray (safe; 1% risk of failure)
Press: ? - help, Shift-Dir - straight line, f/p - rime drake
Aim: a rime drake (almost dead, 79% to hit)
The searing ray misses the rime drake. (Press . to maintain the ray.)
The ice encasing you melts away. The rime drake breathes ice at you.
The flash freeze hits you!!
You are encased in ice.
The searing ray hits the rime drake!
You kill the rime drake!
Vehumet accepts your kill.
You feel your power returning.
Your Transmutations skill increases to level 2!
You start resting.
A rime drake is nearby!
The ice encasing you melts away.
A bullfrog comes into view.
Casting: Searing Ray (safe; 1% risk of failure)
Confirm with . or Enter, or press ? or * to list all spells.
Aiming: Fulminant Prism (safe; 1% risk of failure)
Press: ? - help, Dir - move target You conjure a prism of explosive energy!
The rime drake hisses angrily.
The bullfrog croaks.
A fulminant prism comes into view.
The rime drake breathes ice at you. The flash freeze hits you!!
You die...

*,,..Y.*####...........#.........
**,....##.#.........P............
**,#....#..+...........#.........
*,,..................P...........
,+,....................##.÷......
*,*.......k.........##...÷<......
*,,,,,,+..((.*......##...........
**,*,,,#####........##P.....÷....
*,,...,* #.#..@..P#####........
*.#P..#* #####...##** #######..
......# ***#....#,* *.. #...P.##
*,,.....#,* ****,P .......#
**,.......#* ***,,,,, .......#
**,,........#***,,,,,,,
....l..##*#,*,........F#,,,,,,,,,
........#.#.,#..........,,,*,,,,,
......h.....,,,,,,,,,,,,*,*,,,,,,


You could see a rime drake (catching breath, ally target), a bullfrog and a
friendly fulminant prism.

Vanquished Creatures
  A minotaur (Gauntlet)
  Harold (D:9)
  A boulder beetle (Lair:4)
  4 hydras
  2 two-headed ogres
  2 thrashing horrors (Gauntlet)
  2 sixfirhies (Gauntlet)
  A torpor snail (Lair:5)
  5 black mambas
  10 cane toads
  Psyche (D:10)
  4 komodo dragons
  A kobold demonologist (D:5)
  2 rime drakes
  A hornet (D:8)
  10 blink frogs
  2 dream sheep (Lair:5)
  A tarantella (Lair:3)
  11 yaks
  7 wyverns
  7 basilisks
  2 vampire mosquitoes (D:10)
  Edmund (D:6)
  A hell hound (Lair:6)
  11 water moccasins
  Duvessa (D:5)
  3 orc warriors
  4 black bears
  2 ice beasts
  5 sky beasts (D:6)
  A necrophage (D:6)
  3 ogres
  4 centaurs
  22 wolves
  4 phantoms
  9 bullfrogs
  8 small abominations
  2 wyvern zombies
  4 scorpions
  Dowan (D:5)
  19 wights
  2 electric eels (Lair:1)
  A howler monkey (D:6)
  3 centaur zombies
  A bullfrog zombie (D:6)
  2 jellies
  2 orc priests
  3 hounds
  A bullfrog skeleton (D:7)
  A centaur skeleton (D:4)
  3 gnoll shamans
  5 hell rats
  4 iguanas
  5 orc wizards
  Natasha (thrice) (D:3)
  A howler monkey zombie (D:9)
  15 gnolls
  7 adders
  2 ufetubi
  A worm (D:3)
  5 dart slugs
  17 orcs
  An endoplasm (D:4)
  4 giant cockroaches
  3 goblins
  7 hobgoblins
  4 jackals
  3 quokkas
  6 ball pythons
  A bat (D:2)
  4 frilled lizards
  8 kobolds
  2 rats (D:1)
310 creatures vanquished.

Vanquished Creatures (collateral kills)
  A small abomination (Gauntlet)
1 creature vanquished.

Vanquished Creatures (others)
  A centaur zombie (D:10)
  A bush (Lair:5)
  110 fulminant prisms
  66 fungi
  81 plants
259 creatures vanquished.

Grand Total: 570 creatures vanquished

Notes
Turn   | Place    | Note
-------+----------+-------------------------------------------
     0 | D:1      | porpoise the Deep Elf Conjurer began the quest for the Orb.
     0 | D:1      | Reached XP level 1. HP: 10/10 MP: 6/6
   217 | D:1      | Reached XP level 2. HP: 15/15 MP: 6/8
   667 | D:2      | Learned a level 2 spell: Searing Ray
   783 | D:2      | Reached skill level 4 in Spellcasting
  1040 | D:2      | Reached skill level 5 in Conjurations
  1040 | D:2      | Reached XP level 3. HP: 19/19 MP: 6/10
  1685 | D:3      | Noticed Natasha
  1693 | D:3      | Killed Natasha
  1694 | D:3      | Reached XP level 4. HP: 24/24 MP: 4/12
  1756 | D:3      | Learned a level 4 spell: Fulminant Prism
  1761 | D:3      | Learned a level 4 spell: Iskenderun's Mystic Blast
  1764 | D:5      | Entered Level 5 of the Dungeon
  1777 | D:5      | Noticed an ice beast
  1785 | D:5      | Killed an ice beast
  1786 | D:5      | Reached skill level 5 in Spellcasting
  1786 | D:5      | Reached XP level 5. HP: 28/28 MP: 5/15
  1927 | D:4      | Noticed a phantom
  1932 | D:4      | Killed a phantom
  1933 | D:4      | Reached skill level 6 in Spellcasting
  2038 | D:3      | Noticed Natasha
  2165 | D:3      | Killed Natasha
  2166 | D:3      | Reached XP level 6. HP: 32/32 MP: 12/17
  2204 | D:3      | Noticed Natasha
  2211 | D:3      | Killed Natasha
  2681 | D:3      | Found a faded altar of an unknown god.
  2880 | D:4      | Reached skill level 7 in Spellcasting
  3190 | D:4      | Noticed a water moccasin
  3199 | D:4      | Killed a water moccasin
  3200 | D:4      | Reached skill level 5 in Hexes
  3200 | D:4      | Reached XP level 7. HP: 11/36 MP: 10/19
  4405 | D:4      | Reached skill level 5 in Stealth
  4647 | D:5      | Reached skill level 1 in Translocations
  4789 | D:5      | Noticed a kobold demonologist
  4801 | D:5      | Noticed a chaos spawn
  4802 | D:5      | Killed a kobold demonologist
  4803 | D:5      | Reached XP level 8. HP: 41/41 MP: 7/20
  4911 | D:5      | Noticed Duvessa
  4913 | D:5      | Noticed Dowan
  4914 | D:5      | Killed Dowan
  4917 | D:5      | Killed Duvessa
  5889 | D:6      | Reached skill level 8 in Spellcasting
  5889 | D:6      | Reached skill level 5 in Translocations
  5912 | D:6      | Reached XP level 9. HP: 36/46 MP: 8/23
  6036 | D:6      | Reached skill level 1 in Fighting
  6448 | D:6      | Reached skill level 9 in Spellcasting
  6491 | D:6      | Noticed Edmund
  6500 | D:6      | Killed Edmund
  6983 | D:6      | Noticed a two-headed ogre
  6992 | D:6      | Killed a two-headed ogre
  6993 | D:6      | Reached skill level 10 in Spellcasting
  7511 | D:6      | Found a stormy altar of Qazlal.
  7646 | D:7      | Reached skill level 11 in Spellcasting
  7945 | D:7      | Acquired a +1 buckler of reflection
  7957 | D:7      | Reached XP level 10. HP: 58/58 MP: 22/27
  8067 | D:7      | Found a staircase to the Ecumenical Temple.
  8081 | Temple   | Entered the Ecumenical Temple
  8133 | Temple   | Became a worshipper of Vehumet
  8212 | D:7      | Reached skill level 5 in Fighting
  8478 | D:7      | Found Horphefot's Magic Scroll Boutique.
  8487 | D:7      | Bought a scroll of blinking for 112 gold pieces
  8487 | D:7      | Bought a scroll of identify for 30 gold pieces
  8487 | D:7      | Bought a scroll of identify for 30 gold pieces
  8487 | D:7      | Bought a scroll of identify for 30 gold pieces
  8517 | D:7      | Reached skill level 1 in Shields
  9548 | D:8      | Reached skill level 12 in Spellcasting
  9970 | D:8      | Found a glowing golden altar of the Shining One.
 10090 | D:8      | Reached * piety under Vehumet
 10090 | D:8      | Offered knowledge of Sandblast by Vehumet.
 11275 | D:9      | Noticed a two-headed ogre
 11280 | D:9      | Killed a two-headed ogre
 11432 | D:9      | Found a staircase to the Lair.
 11446 | D:9      | Noticed Harold
 11456 | D:9      | Killed Harold
 11457 | D:9      | Reached skill level 5 in Dodging
 11934 | D:10     | Entered Level 10 of the Dungeon
 12072 | D:10     | Noticed Psyche
 12076 | D:10     | Reached XP level 11. HP: 63/63 MP: 12/29
 12084 | D:10     | Killed Psyche
 12085 | D:10     | Reached skill level 1 in Ice Magic
 12238 | D:10     | Noticed Fannar
 12486 | Lair:1   | Entered Level 1 of the Lair of Beasts
 12543 | Lair:1   | Reached skill level 1 in Evocations
 12893 | Lair:1   | Identified the +3 chain mail of Tenacity {rN++ Will-}
 12904 | Lair:1   | Identified the amulet of Eroso {Reflect Fly SH+5}
 13545 | D:7      | Bought a scroll of identify for 30 gold pieces
 13545 | D:7      | Bought a scroll of identify for 30 gold pieces
 13545 | D:7      | Bought a scroll of identify for 30 gold pieces
 14163 | Lair:2   | Reached skill level 5 in Evocations
 14631 | Lair:2   | Found a staircase to the Shoals.
 14987 | Lair:3   | Found a gate leading to a gauntlet.
 14996 | Gauntlet | Entered a Gauntlet
 14996 | Gauntlet | Noticed a fire crab
 14996 | Gauntlet | Found a transporter.
 14996 | Gauntlet | Found a transporter.
 15058 | Gauntlet | Found a transporter.
 15072 | Gauntlet | Found a large runed translucent door.
 15073 | Gauntlet | Found a large runed translucent door.
 15074 | Gauntlet | Found a large runed translucent door.
 15074 | Gauntlet | Found a large runed translucent door.
 15074 | Gauntlet | Found a large runed translucent door.
 15074 | Gauntlet | Found a large runed translucent door.
 15074 | Gauntlet | Found a large runed translucent door.
 15074 | Gauntlet | Found a large runed translucent door.
 15074 | Gauntlet | Found the +9 staff of Olgreb {rPois∞}
 15075 | Gauntlet | Found a runed translucent door.
 15075 | Gauntlet | Found a runed translucent gate.
 15076 | Gauntlet | Found a transporter.
 15076 | Gauntlet | Found a runed translucent gate.
 15076 | Gauntlet | Found a transporter.
 15076 | Gauntlet | Found a transporter.
 15076 | Gauntlet | Noticed a sixfirhy
 15079 | Gauntlet | Found a transporter.
 15079 | Gauntlet | Found a transporter.
 15080 | Gauntlet | Noticed a thrashing horror
 15081 | Gauntlet | Noticed a thrashing horror
 15092 | Gauntlet | Found a transporter.
 15110 | Gauntlet | Found a transporter.
 15120 | Gauntlet | Found a transporter.
 15137 | Gauntlet | Found a transporter.
 15147 | Gauntlet | Found a large runed translucent door.
 15148 | Gauntlet | Found a large runed translucent door.
 15149 | Gauntlet | Found a large runed translucent door.
 15149 | Gauntlet | Found a large runed translucent door.
 15149 | Gauntlet | Found a large runed translucent door.
 15149 | Gauntlet | Found a large runed translucent door.
 15150 | Gauntlet | Found a large runed translucent door.
 15150 | Gauntlet | Found a large runed translucent door.
 15150 | Gauntlet | Found a runed translucent gate.
 15150 | Gauntlet | Found a runed translucent door.
 15155 | Gauntlet | Found a transporter.
 15168 | Gauntlet | Found a transporter.
 15285 | Gauntlet | Noticed a sixfirhy
 15308 | Gauntlet | Killed a sixfirhy
 15311 | Gauntlet | Killed a sixfirhy
 15311 | Gauntlet | Reached ** piety under Vehumet
 15558 | Gauntlet | Offered knowledge of Freeze by Vehumet.
 15559 | Gauntlet | Killed a thrashing horror
 15560 | Gauntlet | Reached skill level 13 in Spellcasting
 15570 | Gauntlet | Killed a thrashing horror
 15623 | Gauntlet | Reached XP level 12. HP: 69/71 MP: 12/31
 15817 | Gauntlet | Identified the amulet "Uwomunaorgh" {rElec rN+ Will+++
                  | Regen+ Int-5}
 15836 | Gauntlet | Noticed a minotaur
 15841 | Gauntlet | Killed a minotaur
 16069 | Gauntlet | Identified the amulet of Discretion {RegenMP rC- Str+5}
 16075 | Gauntlet | Learned a level 2 spell: Sublimation of Blood
 16081 | Lair:3   | Found a hole to the Spider Nest.
 16383 | Lair:3   | Noticed a six-headed hydra
 16393 | Lair:3   | Killed a six-headed hydra
 16394 | Lair:3   | Reached skill level 14 in Spellcasting
 16491 | Lair:3   | Noticed a four-headed hydra
 16498 | Lair:3   | Killed a four-headed hydra
 16499 | Lair:3   | Reached skill level 1 in Necromancy
 18414 | Lair:4   | Noticed a boulder beetle
 18438 | Lair:4   | HP: 2/72 [boulder beetle (45)]
 18443 | Lair:4   | Found a frozen archway.
 18569 | Lair:4   | Noticed a six-headed hydra
 18576 | Lair:4   | Killed a six-headed hydra
 18577 | Lair:4   | Reached skill level 5 in Necromancy
 18815 | Lair:4   | Killed a boulder beetle
 19306 | Lair:6   | Entered Level 6 of the Lair of Beasts
 19517 | Lair:6   | Noticed a seven-headed hydra
 19564 | Lair:6   | Killed a seven-headed hydra
 20219 | Lair:5   | Noticed an eight-headed hydra
 20271 | Lair:6   | Offered knowledge of Conjure Flame by Vehumet.
 20426 | Lair:6   | Learned a level 5 spell: Irradiate
 20477 | Lair:6   | Reached XP level 13. HP: 76/76 MP: 13/33
 21438 | Lair:5   | Reached *** piety under Vehumet
 21770 | Lair:5   | Reached skill level 1 in Transmutations
 21778 | Lair:5   | Offered knowledge of Sticky Flame by Vehumet.
 21799 | Lair:5   | Killed from afar by a rime drake

Illustrated notes

Levels and vault maps discovered:
D:1:      ncdulo_watergridlock, layout_rooms
D:2:      layout_loops_ring, serial_bayou_ford_a, minmay_misc_feat_doors,
          minmay_hexomino_c4
D:3:      layout_rooms, shapermc_ecumenical_altar_mp_vishouse,
          chequers_serial_rivers_small_3, uniq_natasha
D:4:      layout_cave_pools, minivault_23, grunt_tough_drop
D:5:      layout_loops_ring, st_stairs_14, uniq_duvessa
D:6:      layout_loops_ring, kennysheep_mini_moat, nrook_loot_triangle,
          hangedman_glass_teeth, serial_park_tiny_pond,
          kennysheep_generic_room_16, uniq_edmund
D:7:      layout_basic, minmay_temple_entry_steel_oval, serial_shops,
          shop_fountains, minivault_27, fountainhead, st_stairs_6, minivault_19,
          minmay_misc_feat_x
D:8:      layout_gridville, tso_oasis_becter
D:9:      layout_basic, dpeg_oklobed_lair, uniq_harold
D:10:     layout_small_grid, orc_0_dummy, minmay_misc_feat_enclosed,
          uniq_psyche, uniq_sonja, uniq_nergalle, uniq_fannar, uniq_gastronok
Temple:   mainiacjoe_temple_cubbyholes
Lair:1:   layout_big_grid, infiniplex_staircase_pool_2, serial_bayou_shore_a
Lair:2:   layout_cave_pods, elwin_shoals_entry_rocks, serial_bayou_shore_b
Lair:3:   layout_cave_pods, spider_nest_entry_rubble, gauntlet_entry_generic,
          grunt_megastairs_3
Lair:4:   layout_roguey, portal_ice_cave_entry_pillars_2
Lair:5:   layout_roguey [special_room_mythical_zoo], slime_altar_1, uniq_kirke
Lair:6:   hellmonk_lair_end_abyssal_woods, layout_hall_layers, st_stairs_4,
          nicolae_quartered_pool_super

Skill      XL: |  1  2  3  4  5  6  7  8  9 10 11 12 13 |
---------------+----------------------------------------+-----
Spellcasting   | 4 5 6 7 8 11 12 13 14 | 14.0
Conjurations   | 5 6 7 9 |  9.0
Hexes          | 2 3 5 7 9 |  9.0
Stealth        | 3 5 7 9 |  9.0
Translocations | 3 5 7 |  7.0
Fighting       | 4 5 6 7 |  7.0
Shields        | 4 |  4.0
Dodging        | 6 7 9 |  9.0
Ice Magic      | 1 |  1.4
Evocations     | 5 7 |  7.2
Necromancy     | 5 7 |  7.0
Transmutations | 2 |  2.0

Action                   |  1- 3 |  4- 6 |  7- 9 | 10-12 | 13-15 || total
-------------------------+-------+-------+-------+-------+-------++-------
Melee: Short sword       |       |       |     3 |       |       ||     3
       Hunting sling     |       |       |       |     2 |       ||     2
 Fire: Hunting sling     |       |       |     6 |    76 |     9 ||    91
 Cast: Magic Dart        |    52 |     5 |     4 |     3 |       ||    64
       Searing Ray       |     7 |    22 |    80 |   108 |    16 ||   233
       Fulminant Prism   |       |       |    10 |    85 |    16 ||   111
       Iskenderun's Myst |       |       |     3 |    66 |    16 ||    85
       Irradiate         |       |       |       |       |     3 ||     3
 Abil: Evoke the Staff o |       |       |       |     4 |       ||     4
Evoke: Wand              |       |       |       |    14 |       ||    14
       Box of beasts     |       |       |       |     1 |       ||     1
  Use: Scroll            |       |     7 |     9 |    16 |     2 ||    34
       Potion            |       |       |     1 |     1 |       ||     2
 Stab: Sleeping          |       |       |     1 |       |       ||     1
Armor: Robe              |       |     2 |    21 |    30 |     1 ||    54
Dodge: Dodged            |     5 |     7 |    27 |   103 |    20 ||   162
Block: Other             |       |       |    12 |    10 |       ||    22
       Buckler           |       |       |       |    80 |    13 ||    93
       Reflection        |       |       |       |     3 |       ||     3

Table legend: (Time is in decaauts)
 A = Elapsed time spent in this place.
 B = Non-inter-level travel time spent in this place.
 C = Inter-level travel time spent in this place.
 D = Time resting spent in this place.
 E = Time spent auto-exploring this place.
 F = Levels seen in this place.
 G = Mean time per level.
                   A        B        C        D        E       F      G
               +--------+--------+--------+--------+--------+-----+--------+
         Total |  21881 |  21012 |    869 |  11298 |   6139 |  18 | 1215.6 |
       Dungeon |  12789 |  12231 |    558 |   6563 |   3826 |  10 | 1278.9 |
        Temple |     83 |     52 |     31 |      0 |     45 |   1 |   83.0 |
          Lair |   7928 |   7648 |    280 |   3968 |   2142 |   6 | 1321.3 |
      Gauntlet |   1079 |   1079 |      0 |    767 |    126 |   1 | 1079.0 |
               +--------+--------+--------+--------+--------+-----+--------+

Top non-repeatable levels by time:
  Lair:4: 1921 daAuts
     D:6: 1866 daAuts
     D:8: 1770 daAuts
  Lair:3: 1766 daAuts
     D:7: 1731 daAuts
     D:5: 1576 daAuts
     D:4: 1576 daAuts
  Lair:2: 1474 daAuts
     D:9: 1370 daAuts
  Lair:6: 1176 daAuts
  Lair:1: 1140 daAuts
     D:3: 1111 daAuts
Gauntlet: 1079 daAuts
     D:2: 1046 daAuts
     D:1: 650 daAuts
